 Dungeon Crawl Stone Soup version 0.21.1-1-g345015f (webtiles) character file.

43 manyhoops the Protected (level 3, -1/28 HPs)
             Began as a Gnoll Wanderer on May 4, 2018.
             Splashed by a jelly's acid (9 damage)
             ... on level 2 of the Dungeon.
             The game lasted 00:02:13 (1463 turns).

manyhoops the Protected (Gnoll Wanderer)            Turns: 1463, Time: 00:02:14

Health: -1/28      AC:  4    Str: 15    XL:     3   Next: 58%
Magic:  13/13      EV: 11    Int: 14    God:
Gold:   85         SH:  0    Dex: 14    Spells: 3/3 levels left

rFire    . . .     SeeInvis .   j - +0 short sword
rCold    . . .     Gourm    .   (no shield)
rNeg     . . .     Faith    .   f - +0 robe
rPois    .         Spirit   .   (no helmet)
rElec    .         Reflect  .   o - +0 cloak
rCorr    .         Harm     .   (no gloves)
MR       .....                  (no boots)
Stlth    ++........             (no amulet)
HPRegen  0.09/turn              m - ring of magical power
MPRegen  0.13/turn              (no ring)

@: no status effects
A: distributed training, fangs 1, strong nose
a: no special abilities


You were on level 2 of the Dungeon.
You were not hungry.

You visited 1 branch of the dungeon, and saw 2 of its levels.

You collected 85 gold pieces.

Inventory:

Hand Weapons
 b - a +2 blowgun
 j - a +0 short sword (weapon)
Missiles
 a - 3 curare-tipped needles
 d - 25 arrows
Armour
 f - a +0 robe (worn)
 o - a +0 cloak (worn)
Jewellery
 m - a ring of magical power (left hand)
Scrolls
 c - a scroll of random uselessness {unknown}
 e - 2 scrolls of teleportation
 h - a scroll of magic mapping {unknown}
 i - a scroll of enchant weapon {unknown}
 l - a scroll of enchant armour {unknown}
Potions
 k - a potion of curing {unknown}
 n - a potion of flight {unknown}
Comestibles
 g - 3 rations


   Skills:
 + Level 2.6 Fighting
 + Level 0.8 Short Blades
 + Level 0.8 Long Blades
 + Level 2.6 Axes
 + Level 0.8 Maces & Flails
 + Level 0.8 Polearms
 + Level 0.8 Staves
 + Level 0.8 Slings
 + Level 2.6 Bows
 + Level 0.8 Crossbows
 + Level 2.6 Throwing
 + Level 10.3 Armour
 + Level 0.8 Dodging
 + Level 2.4 Stealth
 + Level 0.8 Shields
 + Level 0.8 Unarmed Combat
 + Level 0.8 Spellcasting
 + Level 0.5 Conjurations
 + Level 0.5 Hexes
 + Level 0.5 Charms
 + Level 0.5 Summonings
 + Level 0.5 Necromancy
 + Level 0.5 Translocations
 + Level 0.5 Transmutations
 + Level 0.5 Fire Magic
 + Level 0.5 Ice Magic
 + Level 0.5 Air Magic
 + Level 0.5 Earth Magic
 + Level 0.5 Poison Magic
 + Level 1.0 Invocations
 + Level 0.8 Evocations


You had 3 spell levels left.
You didn't know any spells.

Dungeon Overview and Level Annotations

Branches:
Dungeon (2/15)

Altars:
Gozag
Kikubaaqudgha
Qazlal
Sif Muna


Innate Abilities, Weirdness & Mutations

Your experience applies equally to all skills.
You have very sharp teeth.
Your uncanny sense of smell can sniff out nearby items.


Message History

The bat hits you but does no damage.
The jelly jiggles.
The jelly barely misses you.
Unknown command.
Unknown command.
You are too injured to fight recklessly!
Unknown command.
You are too injured to fight recklessly!
Unknown command.
You are too injured to fight recklessly!
You are too injured to fight recklessly!
You miss the bat.
You kill the bat!
The jelly hits you but does no damage.
You hit the jelly.
Your hands burn!
The jelly is heavily wounded.
The jelly hits you.
* * * LOW HITPOINT WARNING * * *
You are splashed with acid!
The acid burns!
You die...

. ∆ #...... ∆
#..... ..
##..#.##### ...
...#.$$$.. ##.##
#....$_$.. .....
#.%..$$$..
......#J........
......#@.)......
...._.......>.....
#.......#(..######
#.......#(..#
..... #...#
####.####†###
..$.......#
###.#..### #...##


You could see a jelly.

Vanquished Creatures
  A worm (D:2)
  2 leopard geckos (D:2)
  3 bats
  4 giant cockroaches (D:1)
  6 goblins
  4 hobgoblins
  5 kobolds
  6 frilled lizards (D:1)
  4 rats
35 creatures vanquished.

Notes
Turn   | Place    | Note
-------+----------+-------------------------------------------
     0 | D:1      | Reached skill level 10 in Armour
     0 | D:1      | manyhoops the Gnoll Wanderer began the quest for the Orb.
     0 | D:1      | manyhoops set off with: 4 curare-tipped needles, a +2 blowgun, a +0 shortbow, 24 arrows, a scroll of teleportation, a +0 robe, a ration
     0 | D:1      | Reached XP level 1. HP: 17/17 MP: 1/1
     3 | D:1      | Noticed a centaur
     6 | D:1      | Noticed a felid
    16 | D:1      | Noticed a troll
    16 | D:1      | Noticed a formicid
    20 | D:1      | Noticed a centaur
   148 | D:1      | Reached XP level 2. HP: 23/23 MP: 2/2
   625 | D:1      | You fall through a shaft!
   722 | D:1      | Reached XP level 3. HP: 22/28 MP: 3/3
   837 | D:2      | Found an ancient bone altar of Kikubaaqudgha.
  1115 | D:2      | Found a deep blue altar of Sif Muna.
  1440 | D:2      | Found an opulent altar of Gozag.
  1444 | D:2      | Found a stormy altar of Qazlal.
  1445 | D:2      | Reached skill level 1 in Invocations
  1463 | D:2      | Splashed by a jelly's acid

Skill      XL: |  1  2  3 |
---------------+----------+-----
Armour         | | 10.3
Invocations    | 1 |  1.0
Fighting       | |  2.6
Short Blades   | |  0.8
Long Blades    | |  0.8
Axes           | |  2.6
Maces & Flails | |  0.8
Polearms       | |  0.8
Staves         | |  0.8
Slings         | |  0.8
Bows           | |  2.6
Crossbows      | |  0.8
Throwing       | |  2.6
Dodging        | |  0.8
Stealth        | |  2.4
Shields        | |  0.8
Unarmed Combat | |  0.8
Spellcasting   | |  0.8
Conjurations   | |  0.5
Hexes          | |  0.5
Charms         | |  0.5
Summonings     | |  0.5
Necromancy     | |  0.5
Translocations | |  0.5
Transmutations | |  0.5
Fire Magic     | |  0.5
Ice Magic      | |  0.5
Air Magic      | |  0.5
Earth Magic    | |  0.5
Poison Magic   | |  0.5
Evocations     | |  0.8

Action                   || total
-------------------------++-------
Melee: Short sword       ||    93
       Bite              ||    10
 Fire: Blowgun           ||     7
 Stab: Sleeping          ||     4
  Eat: Chunk             ||     2
Armor: Robe              ||    36
Dodge: Dodged            ||    58
